 Dungeon Crawl Stone Soup version 0.18-a0-1774-gce1f7b6 (webtiles) character file.

11 M4edhros the Grave Robber (level 2, 0/17 HPs)
             Began as an Octopode Necromancer on Apr 15, 2016.
             Slain by a goblin (1 damage)
             ... on level 1 of the Dungeon.
             The game lasted 00:00:41 (106 turns).

M4edhros the Grave Robber (Octopode Necromancer)     Turns: 106, Time: 00:00:41

Health: 0/17       AC:  1    Str:  7    XL:     2   Next: 29%
Magic:  0/5        EV: 12    Int: 17    God:
Gold:   26         SH:  0    Dex: 12    Spells: 1 memorised, 4 levels left

rFire  . . .     SeeInvis .       - Unarmed
rCold  . . .     Gourm    .     (no shield)
rNeg   . . .     Faith    .     (helmet restricted)
rPois  .         Spirit   .     (no amulet)
rElec  .         Dismiss  .     (no ring)
rCorr  .         Reflect  .     (no ring)
SustAt .         Harm     .     (no ring)
MR     .....                    (no ring)
Stlth  +++.......               (no ring)
                                (no ring)
                                (no ring)
                                (no ring)

@: not resistant to hostile enchantments, fairly stealthy
A: almost no armour, amphibious, 8 rings, constrict 8, camouflage 1, gelatinous
body 1
a: no special abilities


You were on level 1 of the Dungeon.
You were not hungry.

You visited 1 branch of the dungeon, and saw 1 of its levels.

You collected 26 gold pieces.

Inventory:

Scrolls
 c - 4 scrolls of identify {unknown}
Books
 a - a book of Necromancy

   Spells                             Type                      Level
   a - Pain                           Necromancy                   1
   b - Animate Skeleton               Necromancy                   1
   c - Vampiric Draining              Necromancy                   3
   d - Regeneration                   Charms/Necromancy            3
   e - Animate Dead                   Necromancy                   4
   f - Control Undead                 Necromancy                   4
Comestibles
 b - a bread ration
 d - 5 chunks of flesh


   Skills:
 - Level 2.0 Dodging
 - Level 2.6 Stealth
 + Level 1.9 Unarmed Combat
 - Level 2.0 Spellcasting
 - Level 4.0 Necromancy


You had 4 spell levels left.
You knew the following spells:

 Your Spells              Type           Power        Failure   Level  Hunger
a - Pain                  Necr           ###.         3%          1    #......


Dungeon Overview and Level Annotations

Branches:
Dungeon (1/15)

Altars:


Innate Abilities, Weirdness & Mutations

You cannot wear most types of armour.
You are amphibious.
You can wear up to eight rings at the same time.
You can use your tentacles to constrict eight enemies at once.
Your skin changes colour to match your surroundings (Stealth).
Your rubbery body absorbs attacks (AC +1).


Message History

You squeeze the jackal, but do no damage.
The jackal is heavily wounded.
You constrict the jackal, but do no damage.
The jackal struggles to escape constriction.
The jackal barely misses you.
You tentacle-slap the jackal but do no damage.
The jackal is heavily wounded.
You constrict the jackal. The jackal completely misses you.
You tentacle-slap the jackal.
You kill the jackal!
You aren't carrying any potions.
Casting: Pain
Confirm with . or Enter, or press ? or * to list all spells.
Aiming: Pain
Press: ? - help, Shift-Dir - straight line, f - jackal
Aim: a jackal (chance to defeat MR: 92%)
The jackal convulses in agony!
You kill the jackal!
You closely miss the goblin. Your grab misses the goblin. The goblin hits you.
You die...

.# ###########.## #..
.....g... #####
#.###......#
##.#.######.#........#
#.............#......#
##.#.######.....h....#
######.####
#g###....$..#
#.........#
#@.##?##h##.#
#.#.##..#.#####''####
.# #.#.##..#
##8......8# h
#.#.....# #≈......≈#
.h #.#..##.#
#≈......≈# ..
#.#..##.#.##§......≈#
...
#.........##§§.88..≈#
####.#######§§§....≈#
#...######≈......≈#


You could see a goblin.

Vanquished Creatures
  A giant gecko (D:1)
  2 bats (D:1)
  A giant cockroach (D:1)
  A hobgoblin (D:1)
  3 jackals (D:1)
  A goblin (D:1)
9 creatures vanquished.

Notes
Turn   | Place    | Note
--------------------------------------------------------------
     0 | D:1      | M4edhros the Octopode Necromancer began the quest for the Orb.
     0 | D:1      | Reached XP level 1. HP: 11/11 MP: 3/3
    18 | D:1      | Reached skill level 1 in Unarmed Combat
    62 | D:1      | Reached XP level 2. HP: 7/17 MP: 0/5
   106 | D:1      | Slain by a goblin

Vault maps used:
D:1:      lightli_arrival_noodles

Skill      XL: |  1 |
---------------+----+-----
Unarmed Combat | 1 |  1.9
Dodging        | |  2.0
Stealth        | |  2.6
Spellcasting   | |  2.0
Necromancy     | |  4.0

Action                   || total
-------------------------++-------
Melee: Unarmed           ||    12
       Tentacles         ||     3
       Constrict         ||     3
 Cast: Pain              ||    10
Armor: Skin              ||     1
Dodge: Dodged            ||    11
